[Event "Croatian 1B League 2022"]
[Site "Porec"]
[Date "2022.09.24"]
[Round "1.1"]
[White "Brkic, Ante"]
[Black "Doric, Darko"]
[Result "1-0"]
[ECO "B66"]
[WhiteElo "2602"]
[BlackElo "2457"]
[Annotator "TA"]
[PlyCount "57"]
[EventDate "2022.09.24"]
[EventType "team-tourn"]
[EventCountry "CRO"]
[SourceTitle "playchess.com"]
[Source "ChessBase"]
[SourceQuality "1"]
[TimeControl "40/5400+30:1800+30"]

1. e4 c5 2. Nf3 d6 3. d4 cxd4 4. Nxd4 Nf6 5. Nc3 Nc6 6. Bg5 e6 7. Qd2 a6 8. Nxc6 bxc6 9. O-O-O h6 10. Bf4 d5 11. Qe3 Bb4 12. Be2 $1 {[%emt 0:00:30] 12.Be2 is better than 12.a3. B66: Sicilian: Richter-Rauzer: 7...a6 8 0-0-0 h6.} O-O 13. e5 Nh7 14. a3 {[%emt 0:04:30] White is slightly better.} Be7 15. Ne4 f5 16. Nd6 {[%emt 0:00:30] [#]} a5 $146 (16... Ng5 $14) ({Predecessor:} 16... Ng5 17. h4 Ne4 18. Nxe4 fxe4 19. Qg3 Kh8 20. Bxh6 gxh6 21. Qg6 Rxf2 22. Qxh6+ Kg8 {½-½ (31) Kaidanov,G (2548)-Dlugy,M (2513) Saint Louis 2022}) 17. Qg3 {[%emt 0:00:30] White is much more active.} ({White should play} 17. h4 $16) 17... Bg5 $2 (17... Bxd6 $14 18. exd6 Ng5) 18. h4 $1 $18 Bxf4+ 19. Qxf4 Ba6 20. Bxa6 Rxa6 21. Rd3 Kh8 22. Rg3 {[%emt 0:00:30] aiming for Rg6.} Ra7 23. Rg6 Re7 24. Rh3 $36 {[%emt 0:00:30][%mdl 2048] White has good play.} Qc7 25. Kb1 Qa7 {[%emt 0:00:30] [#]} (25... Ra8 $16 {was necessary.}) 26. Rc3 $1 c5 {[%emt 0:00:30] [#]} 27. g4 $1 fxg4 28. Qxg4 Rxf2 $2 (28... c4 $16 {is more resistant.}) 29. Nc8 {[%emt 0:00:30] Weighted Error Value: White=0.09 (flawless) /Black=0.58} 1-0

[Event "Croatian 1B League 2022"]
[Site "Porec"]
[Date "2022.09.24"]
[Round "1.2"]
[White "Maksimovic, Bojan"]
[Black "Saraci, Nderim"]
[Result "1-0"]
[ECO "C95"]
[WhiteElo "2468"]
[BlackElo "2490"]
[Annotator "TA"]
[PlyCount "51"]
[EventDate "2022.09.24"]
[EventType "team-tourn"]
[EventCountry "CRO"]
[SourceTitle "playchess.com"]
[Source "ChessBase"]
[SourceQuality "1"]
[TimeControl "40/5400+30:1800+30"]

1. e4 e5 2. Nf3 Nc6 3. Bb5 a6 4. Ba4 Nf6 5. O-O Be7 6. Re1 b5 7. Bb3 d6 8. c3 O-O 9. h3 Nb8 10. d4 Nbd7 11. c4 Bb7 12. Nc3 c6 13. a3 Rc8 {[%emt 0:13:30] C95: Closed Ruy Lopez: Breyer Variation with 10 d4.} 14. cxb5 cxb5 {[%emt 0:00:30] [#]} 15. dxe5 $146 ({Predecessor:} 15. Bg5 h6 16. dxe5 dxe5 17. Bxf6 Bxf6 18. Bd5 Bxd5 19. Nxd5 Nb6 20. Nxb6 Qxb6 21. Qb3 {0-1 (55) Paehtz,E (2464)-Gledura,B (2612) Caleta 2018}) 15... dxe5 {[%emt 0:00:30][%cal Oe7a3] The position is equal.} 16. Bg5 {[%emt 0:00:30] [#]} b4 (16... Bxa3 $1 $11 {might be stronger.} 17. Rxa3 b4 18. Bxf6 Nxf6 19. Qxd8 Rfxd8 20. Nxe5 bxa3 21. Nxf7 Re8 22. Nd6+ Kf8 23. Nxc8 (23. Nxb7 $2 axb2 24. Na2 Rb8 $19) 23... Rxc8) 17. axb4 $14 Bxb4 18. Bxf6 Nxf6 19. Qxd8 Rcxd8 20. Nxe5 Bxc3 21. bxc3 Nxe4 (21... Rde8 $14) 22. Nxf7 $1 $18 Rxf7 {[%emt 0:00:30] [#]} 23. Rad1 $1 Rdf8 {[%emt 0:00:30] [#]} (23... Rxd1 $2 24. Rxd1 Kf8 25. Bxf7 $18) 24. Rd7 $1 {[%emt 0:00:30][%mdl 64] Pin} Ba8 25. Rxf7 ({Don't play} 25. Bxf7+ $6 Rxf7 26. Rd4 (26. Rd8+ Rf8 $16) 26... Bb7 $14) ({White should try} 25. Red1 $18 Ng5 26. f4 (26. Bxf7+ Nxf7 27. Re1 Rb8 $16)) 25... Rxf7 $14 26. Rd1 {[%emt 0:00:30] Weighted Error Value: White=0.16 (very precise) /Black=0.45} 1-0

[Event "Croatian 1B League 2022"]
[Site "Porec"]
[Date "2022.09.24"]
[Round "1.3"]
[White "Milanovic, Danilo"]
[Black "Cabarkapa, Novak"]
[Result "1/2-1/2"]
[ECO "A48"]
[WhiteElo "2403"]
[BlackElo "2433"]
[Annotator "TA"]
[PlyCount "43"]
[EventDate "2022.09.24"]
[EventType "team-tourn"]
[EventCountry "CRO"]
[SourceTitle "playchess.com"]
[Source "ChessBase"]
[SourceQuality "1"]
[TimeControl "40/5400+30:1800+30"]

1. d4 Nf6 2. Nf3 g6 3. Nbd2 c5 4. dxc5 Qa5 5. a3 Qxc5 6. b4 Qc7 7. Bb2 Bg7 8. c4 O-O 9. e3 b6 10. Be2 Bb7 11. O-O d6 {[%emt 0:00:00] The position is equal.} 12. Rc1 {[%emt 0:01:30] A48: 1 d4 Nf6 2 Nf3 g6: Torre, London and Colle Systems.} Nbd7 13. Qc2 Rac8 14. Qb1 Qb8 15. Qa1 Qa8 {[%emt 0:00:30] [#] Not much happened in this game.  Weighted Error Value: White=0.08 (flawless) /Black=0.04 (flawless)} {Predecessor:} 16. Rfd1 $146 a6 17. Bf1 Bh6 18. Nd4 Rc7 19. a4 a5 20. Nb5 Rc6 21. Be2 axb4 22. Bf3 {0-1 (41) Merkel,M (2133)-Danin,A (2540) Karlsruhe 2018} 1/2-1/2

[Event "Croatian 1B League 2022"]
[Site "Porec"]
[Date "2022.09.24"]
[Round "1.4"]
[White "Vojak, Daniel"]
[Black "Bubalovic, Davorin"]
[Result "1-0"]
[ECO "B43"]
[WhiteElo "2300"]
[BlackElo "2201"]
[Annotator "TA"]
[PlyCount "60"]
[EventDate "2022.09.24"]
[EventType "team-tourn"]
[EventCountry "CRO"]
[SourceTitle "playchess.com"]
[Source "ChessBase"]
[SourceQuality "1"]
[TimeControl "40/5400+30:1800+30"]

1. e4 c5 2. Nf3 e6 3. d4 cxd4 4. Nxd4 a6 5. Nc3 Qc7 6. f4 b5 7. Bd3 Bb7 {[%emt 0:00:30] B43: Sicilian: Kan Variation: 5 Nc3.} 8. a3 Nf6 9. Qe2 Be7 {[%emt 0:06:30] [#] The position is equal.} 10. Bd2 $146 ({Predecessor:} 10. g4 d5 11. e5 Nfd7 12. Be3 Nc6 13. Qf2 Nxd4 14. Bxd4 Bc5 15. Ne2 Bxd4 16. Nxd4 {0-1 (39) Gologorsky,R (2057)-Jansen van Rensburg,M (1730) Caldas Novas 2011}) 10... Nc6 11. Nxc6 dxc6 12. a4 O-O 13. O-O g6 14. e5 Nd7 15. Ne4 Nc5 16. Nxc5 Bxc5+ 17. Be3 Qb6 18. Bxc5 Qxc5+ 19. Qf2 Qxf2+ (19... Qb4 $11) 20. Kxf2 $14 Rfd8 21. Rfd1 Rd4 22. Ke3 Rad8 23. c3 R4d5 24. Be2 $36 {[%emt 0:00:30][%mdl 2048] Black is under strong pressure.} f6 (24... c5 $16) 25. Rxd5 $18 (25. exf6 $6 Kf7 $16) 25... Rxd5 26. axb5 ({Resist} 26. exf6 $6 e5 $16) 26... fxe5 $2 (26... cxb5 27. Bf3 (27. exf6 e5 $16) 27... Rd7 28. Bxb7 (28. exf6 Bxf3 29. Kxf3 Kf7 $16) 28... Rxb7 29. exf6 (29. Rxa6 fxe5 30. fxe5 Kf7 $16) 29... h6) 27. bxa6 {[%emt 0:00:30] White is clearly winning.} exf4+ 28. Kxf4 {[%emt 0:00:30] KRB-KRB} Ba8 29. Rd1 {[%emt 0:00:30] [#] Rxd5 is the strong threat.} Kf7 30. Rxd5 exd5 {[%emt 0:00:30] Weighted Error Value: White=0.03 (flawless) /Black=0.48} 1-0

[Event "Croatian 1B League 2022"]
[Site "Porec"]
[Date "2022.09.24"]
[Round "1.5"]
[White "Soldo, Robert"]
[Black "Cupic, Lovro"]
[Result "1/2-1/2"]
[ECO "D85"]
[WhiteElo "2115"]
[BlackElo "2216"]
[Annotator "TA"]
[PlyCount "24"]
[EventDate "2022.09.24"]
[EventType "team-tourn"]
[EventCountry "CRO"]
[SourceTitle "playchess.com"]
[Source "ChessBase"]
[SourceQuality "1"]
[TimeControl "40/5400+30:1800+30"]

1. d4 Nf6 2. c4 g6 3. Nc3 d5 4. Nf3 Bg7 5. cxd5 Nxd5 6. e4 Nxc3 7. bxc3 c5 8. Be3 O-O 9. Be2 Nc6 10. O-O {[%emt 0:02:30] White is slightly better.} Qc7 {[%emt 0:06:30] D85: Exchange Grünfeld: Unusual White 7th moves and lines with 7 Nf3.} 11. Qa4 {[%emt 0:05:30] [#]} Rd8 $146 ({Predecessor:} 11... Bd7 12. Qa3 Qa5 13. Qb3 Qc7 14. dxc5 Be6 15. Qb2 Na5 16. Qb4 Nc6 17. Qb2 Rfc8 18. Nd4 {1-0 (76) Gavasheli,A (2193)-Khotenashvili,B (2493) Tbilisi 2016}) 12. Rfd1 Bd7 {[%emt 0:04:30] Weighted Error Value: White=0.07 (flawless) /Black=0.03 (flawless)} 1/2-1/2

[Event "Croatian 1B League 2022"]
[Site "Porec"]
[Date "2022.09.24"]
[Round "1.6"]
[White "Novosel, Lovro"]
[Black "Dabic, Stjepan"]
[Result "1-0"]
[ECO "A15"]
[WhiteElo "2274"]
[BlackElo "2096"]
[Annotator "TA"]
[PlyCount "73"]
[EventDate "2022.09.24"]
[EventType "team-tourn"]
[EventCountry "CRO"]
[SourceTitle "playchess.com"]
[Source "ChessBase"]
[SourceQuality "1"]
[TimeControl "40/5400+30:1800+30"]

1. Nf3 Nf6 2. c4 g6 3. g3 Bg7 4. Bg2 O-O 5. O-O d6 6. Nc3 e5 7. b4 Nc6 8. b5 Ne7 9. Bb2 Nd7 {[%emt 0:23:30] A15: English Opening: 1...Nf6.} 10. e3 Nb6 11. Qe2 (11. d3 {looks sharper.} e4 12. Nd2 exd3 13. Na4) 11... Be6 {[%emt 0:00:30] [#] Hoping for ...e4. White is slightly better.} 12. d3 {[%emt 0:00:30] [#]} c5 $146 ({Predecessor:} 12... h6 13. a4 a5 14. bxa6 Rxa6 15. Nd2 c6 16. Nb3 Qc7 17. Rfc1 Rfa8 18. a5 Nd7 {1-0 (67) Patuzzo,F (2317)-Hochstrasser,M (2323) Switzerland 2003}) 13. bxc6 Nxc6 14. Rab1 Rb8 (14... d5 $11) 15. Ba3 $14 Re8 16. Rfc1 (16. h4 $5 ) 16... Bf8 17. Nd2 f5 18. Nd5 Bxd5 {[%emt 0:00:30] White leaves nothing to chance now.} (18... Nd7 $14) 19. cxd5 $16 Ne7 20. e4 {[%emt 0:00:30] White is more active.} Qd7 21. Qe3 f4 $2 (21... Rbc8 $16 {was worth a try.}) 22. gxf4 $18 Qa4 23. Bb2 (23. Bxd6 Nexd5 24. exd5 Bxd6 $16) 23... Bh6 24. Qh3 Bxf4 25. Qe6+ Kh8 (25... Kg7 $142 26. Rc7 Kh6 27. Rxe7 Rxe7 28. Qxe7 Bxd2 29. Qxd6 Re8) 26. Qf6+ Kg8 27. Qe6+ Kh8 $1 {[%emt 0:00:30] [#] And now ...Nexd5 would win.} 28. Qxd6 Ng8 {[%emt 0:00:30] Prevents Qf6+.} 29. Nf3 Nd7 30. Bh3 {[%emt 0:00:30] A strong pair of Bishops.} ({Weaker is} 30. Rc7 Qxa2 31. Rf1 (31. Qxd7 Qxb1+ 32. Bf1 Re7 $16) 31... Qxb2 $18) 30... Ngf6 31. Bxd7 Nxd7 32. Rc7 Rbd8 33. Rxb7 Kg8 34. Kg2 h6 35. Bc1 (35. Qxg6+ $142 Kf8 36. Qf5+ Kg8 37. Kh1 Bg3 38. Qg6+ Kf8 39. Qxh6+ Kg8 40. Rg1) 35... Kg7 36. Bxf4 exf4 37. Ne5 {[%emt 0:00:30] Weighted Error Value: White=0.36/Black=0.72} 1-0

[Event "Croatian 1B League 2022"]
[Site "Porec"]
[Date "2022.09.24"]
[Round "1.7"]
[White "Draskovic, Luka"]
[Black "Teclaf, Pawel"]
[Result "1-0"]
[ECO "B23"]
[WhiteElo "2492"]
[BlackElo "2547"]
[Annotator "TA"]
[PlyCount "33"]
[EventDate "2022.09.24"]
[EventType "team-tourn"]
[EventCountry "CRO"]
[SourceTitle "playchess.com"]
[Source "ChessBase"]
[SourceQuality "1"]
[TimeControl "40/5400+30:1800+30"]

1. e4 c5 2. Nc3 a6 3. g3 b5 4. Bg2 Bb7 5. d3 e6 6. Nh3 Nf6 {[%emt 0:16:30] 6...Nf6 has become a bit dusty these days. B23: Closed Sicilian: Lines without g3.} 7. O-O b4 8. Ne2 Be7 {[%emt 0:04:30] The position is equal.} 9. f4 O-O 10. Nf2 d5 {[%emt 0:04:30][%mdl 32768] [#] A rather calm draw.  Weighted Error Value: White=0.12 (very precise) /Black=0.10 (very precise) . Loss on time!?} {Predecessor:} 11. Be3 $146 Nc6 12. g4 a5 13. Ng3 a4 14. g5 Ne8 15. Qh5 Nd4 16. Bxd4 cxd4 17. e5 {0-1 (40) Pultinevicius,P (2093)-Kulaots,K (2563) Wroclaw 2014} 1-0

[Event "Croatian 1B League 2022"]
[Site "Porec"]
[Date "2022.09.24"]
[Round "1.8"]
[White "Sprenger, Jan Michael"]
[Black "Skuhala, Jernej"]
[Result "1/2-1/2"]
[WhiteElo "2475"]
[BlackElo "2349"]
[Annotator "TA"]
[PlyCount "32"]
[EventDate "2022.09.24"]
[EventType "team-tourn"]
[EventCountry "CRO"]
[SourceTitle "playchess.com"]
[Source "ChessBase"]
[SourceQuality "1"]
[TimeControl "40/5400+30:1800+30"]

1. e4 c6 2. d4 d5 3. e5 Bf5 4. Nf3 e6 5. Be2 h6 6. O-O Ne7 7. Nbd2 {[%emt 0:02:30] B12: Caro-Kann: Advance Variation.} Nd7 8. a4 g5 {[%emt 0:16:00] 8...a5 deserves study.} 9. Nb3 Bg7 10. Ne1 {[%emt 0:06:30] [#] Black got outplayed after the opening.  Weighted Error Value: White=0.12 (very precise) /Black=0.06 (flawless)} (10. a5 $5 ) {Predecessor:} 10... Qc7 $146 11. Bd2 c5 12. dxc5 Bxe5 13. Nf3 Bxb2 14. Rb1 Bg7 15. Nfd4 O-O 16. Nb5 Qc6 {0-1 (78) Movsesian,S (2632)-Vachier Lagrave,M (2838) Riga 2021} 1/2-1/2

[Event "Croatian 1B League 2022"]
[Site "Porec"]
[Date "2022.09.24"]
[Round "1.9"]
[White "Segovic, Goran"]
[Black "Muha, Miljenko"]
[Result "1-0"]
[ECO "C02"]
[WhiteElo "2304"]
[BlackElo "2298"]
[Annotator "TA"]
[PlyCount "29"]
[EventDate "2022.09.24"]
[EventType "team-tourn"]
[EventCountry "CRO"]
[SourceTitle "playchess.com"]
[Source "ChessBase"]
[SourceQuality "1"]
[TimeControl "40/5400+30:1800+30"]

1. e4 e6 2. d4 d5 3. e5 c5 4. c3 Nc6 5. Nf3 Bd7 6. a3 c4 7. Be2 Na5 {[%emt 0:00:30] The position is equal.} 8. Nbd2 {[%emt 0:00:30] C02: French: Advance Variation.} Ne7 9. h4 Qc7 {[%emt 0:02:30] [#]} 10. Rb1 $146 ({Predecessor:} 10. Qc2 f6 11. exf6 gxf6 12. b3 cxb3 13. Nxb3 Ba4 14. Nfd2 Nec6 15. Bh5+ Kd8 16. Bd1 {0-1 (33) De Lagrave,S (1911)-Holliman,R (1976) Montreal 2014}) 10... Nc8 11. Nf1 Nb6 12. Bf4 O-O-O 13. Qd2 Kb8 14. h5 h6 15. g4 {[%emt 0:01:30][%mdl 32768] A rather calm draw.  Weighted Error Value: White=0.00 (flawless) /Black=0.02 (flawless) . Loss on time!?} 1-0

[Event "Croatian 1B League 2022"]
[Site "Porec"]
[Date "2022.09.24"]
[Round "1.10"]
[White "Ivic, Mateo"]
[Black "Zadravec, Matija"]
[Result "1/2-1/2"]
[ECO "C52"]
[WhiteElo "2203"]
[BlackElo "2250"]
[Annotator "TA"]
[PlyCount "34"]
[EventDate "2022.09.24"]
[EventType "team-tourn"]
[EventCountry "CRO"]
[SourceTitle "playchess.com"]
[Source "ChessBase"]
[SourceQuality "1"]
[TimeControl "40/5400+30:1800+30"]

1. e4 e5 2. Nf3 Nc6 3. Bc4 Bc5 4. b4 Bxb4 5. c3 Ba5 6. d4 d6 7. Qb3 Qd7 8. O-O $1 {[%emt 0:04:30][%mdl 4] is now more promising than 8.dxe5.} Bb6 {[%emt 0:05:30] C52: Evans Gambit Accepted: 5 c3 Ba5.} 9. Bb5 {[%emt 0:07:30] And now d5 would win.} a6 (9... exd4 10. cxd4 Kf8 11. d5 $14) 10. Ba4 Ba7 $1 {[%emt 0:01:30] [#] aiming for ...b5.} ({Don't take} 10... exd4 11. cxd4 Kf8 12. d5 $16) 11. Bxc6 {[%emt 0:11:30] [#]  Weighted Error Value: White=0.00 (flawless) /Black=0.00 (flawless)} ({Reject} 11. d5 b5 12. dxc6 Qxc6 $17) (11. Qb2 $11) {Predecessor:} 11... Qxc6 $146 12. dxe5 dxe5 13. Nxe5 Qe6 14. Nf3 Nf6 15. Nbd2 Qxb3 16. axb3 Be6 17. c4 O-O {½-½ (75) Ziegler,A (2341)-Rausis,I (2497) Bugibba 2011} 1/2-1/2

[Event "Croatian 1B League 2022"]
[Site "Porec"]
[Date "2022.09.24"]
[Round "1.11"]
[White "Novak, Ivan"]
[Black "Sekelja, Marko"]
[Result "1-0"]
[ECO "D03"]
[WhiteElo "2247"]
[BlackElo "2088"]
[Annotator "TA"]
[PlyCount "73"]
[EventDate "2022.09.24"]
[EventType "team-tourn"]
[EventCountry "CRO"]
[SourceTitle "playchess.com"]
[Source "ChessBase"]
[SourceQuality "1"]
[TimeControl "40/5400+30:1800+30"]

1. d4 d5 2. Nf3 Nf6 3. Bg5 e6 4. Nbd2 Be7 5. e3 Nbd7 6. Bd3 O-O 7. O-O b6 8. c3 Bb7 9. Qc2 c5 {[%emt 0:00:30] D03: 1 d4 d5 2 Nf3 Nf6 3 Bg5, including Torre Attack with early ...d5.} 10. Bxf6 Nxf6 11. Ne5 h6 {[%emt 0:00:30] Black is slightly better.} 12. f4 Bd6 13. Rae1 {[%emt 0:00:30] [#]} Nd7 $146 ({Predecessor:} 13... Rc8 14. Ndf3 c4 15. Be2 Ne4 16. Nxc4 Rxc4 {0-1 (16) Samusenko,M (1957)-Davydov,S (2196) Nabereznye Chelny 2010}) 14. Qa4 Nf6 15. Bb1 Qc7 16. Qd1 Ne4 17. Bxe4 dxe4 18. Rf2 f5 (18... f6 $15 19. Ng6 Rfd8) 19. Ndc4 $14 {[%emt 0:00:30] Pair of Knights!} Rad8 ({Black should play} 19... Be7 $14) 20. Nxd6 $16 Rxd6 21. Rd2 cxd4 22. cxd4 ({But not} 22. exd4 $6 g5 $14) ({Resist} 22. Rxd4 $6 Rxd4 23. exd4 (23. cxd4 Bd5 $11) (23. Qxd4 Rd8 $14) 23... Qd6 $14) 22... Rc8 (22... Rdd8 $16) 23. Qh5 $18 Qe7 {[%emt 0:00:30] [#]} 24. g4 $1 fxg4 25. Rg2 Qe8 (25... Qf8 {was called for.} 26. Qxg4 Rc7) 26. Qxg4 Rc7 {[%emt 0:00:30] [#]} 27. Kh1 $1 {[%emt 0:00:30] Strongly threatening Reg1.} Rd8 $2 (27... Bd5 {keeps fighting.} 28. Reg1 Qf8) 28. Reg1 {[%emt 0:00:30][%cal Rg4g7] And now Qxg7+! would win.} Rdc8 (28... Qf8 $142 29. Qxe6+ Kh7 30. Qg6+ Kh8) 29. Qh4 (29. Qh3 $142 {White threatens Qxh6 and mate.} Kh7 30. f5) 29... Kh7 30. Rg6 $2 $40 {[%emt 0:00:30][%mdl 128] White wants a kill.} (30. Qg3 $18 Qf8 31. Qg6+ Kh8 32. Qxe6) 30... Bd5 $16 31. Qg4 {[%emt 0:00:30][%cal Rg6g7] White is more active.} Qf8 32. a3 a6 33. Qh5 Rc1 $2 {[%emt 0:00:30][%mdl 8192] [#] Black cannot hold the game after this.} (33... a5 $16 34. R6g2 Ra7) 34. Rxh6+ $3 {[%emt 0:00:30][%mdl 512] White mates.} gxh6 35. Qg6+ Kh8 36. Nf7+ {[%emt 0:00:30][%mdl 64] Deflection} Qxf7 37. Qxh6+ {[%emt 0:00:30] Weighted Error Value: White=0.32/Black=0.58} 1-0

[Event "Croatian 1B League 2022"]
[Site "Porec"]
[Date "2022.09.24"]
[Round "1.12"]
[White "Tomas, Ante"]
[Black "Havas, Juraj"]
[Result "1-0"]
[ECO "B03"]
[WhiteElo "2137"]
[BlackElo "2074"]
[Annotator "TA"]
[PlyCount "83"]
[EventDate "2022.09.24"]
[EventType "team-tourn"]
[EventCountry "CRO"]
[SourceTitle "playchess.com"]
[Source "ChessBase"]
[SourceQuality "1"]
[TimeControl "40/5400+30:1800+30"]

1. e4 Nf6 2. e5 Nd5 3. d4 d6 4. c4 Nb6 5. f4 dxe5 6. fxe5 Nc6 7. Be3 Bf5 8. Nc3 e6 9. Nf3 Bb4 10. Be2 Na5 {[%emt 0:03:30] B03: Alekhine's Defence: Four Pawns Attack.} 11. c5 Nd5 12. Bd2 {[%emt 0:00:30] [#] Hoping for Nxd5.} Bxc3 {[%emt 0:01:30] White has an edge.} 13. bxc3 Nc6 14. O-O O-O 15. Qe1 Nde7 {[%emt 0:12:30] [#]} (15... b6 $14) 16. Nh4 $146 ({Predecessor:} 16. Kh1 Bg6 17. Nh4 Qd5 18. Bg5 Rab8 19. Rf4 b6 20. cxb6 Rxb6 21. Bd1 Qd7 22. Nxg6 Nxg6 {0-1 (65) Aydincelebi,K (1977)-Acar,U (1930) Kocaeli 2015}) 16... Bg6 17. Qg3 ({White should try} 17. Nxg6 Nxg6 18. Bf3) 17... Qd7 18. Nxg6 Nxg6 (18... fxg6 $142 19. Qg4 Qd5) 19. Be3 (19. Rad1 $16) 19... Nce7 $1 $14 20. Bd3 {[%emt 0:00:30] White is much more active. The black rooks are badly placed.} Nd5 {[%emt 0:00:30] [#]} 21. Bd2 $1 c6 (21... f5 $142) 22. h4 $16 Kh8 (22... f5 $16 {was necessary.} 23. exf6 Nxf6) 23. h5 $18 Nge7 24. h6 (24. c4 $6 Nc7 $18) 24... g6 25. Qh4 ({Don't do} 25. c4 Nc7 $18) 25... Ng8 (25... Kg8 $142 26. Rab1 Rab8) 26. Bg5 f5 27. exf6 {[%emt 0:00:30][%cal Of6f7] Strongly threatening f7!} Rf7 28. Qe1 Raf8 29. Rd1 Ndxf6 $2 (29... a5 30. c4 Nb4) 30. Qe5 (30. Bc4 $142 Qc7 31. Qxe6) 30... Qd5 31. Rde1 Qxe5 32. Rxe5 ({Weaker is} 32. dxe5 Nd7 $16) 32... Ng4 33. Rxf7 ({Resist} 33. Rxe6 $6 N4xh6 34. Rb1 Rd7) 33... Rxf7 34. Rxe6 {[%emt 0:00:30] And now Re8 would win.} N8xh6 (34... N4xh6 {keeps fighting.} 35. Bc4 Rf8) 35. Re8+ Kg7 36. Bc4 Rf5 37. Bd8 (37. Bc1 $18 {and White stays clearly on top.}) 37... Nf7 $2 {[%emt 0:00:30][%mdl 8192] Loses the game.} (37... Rf8 $16 {is more resistant.} 38. Re7+ Kh8) 38. Be6 {[%emt 0:00:30] White is clearly winning.} Rf4 39. Bc7 Re4 40. Bxf7 {[%emt 0:00:30] A strong pair of Bishops.} Rxe8 41. Bxe8 Nf6 {[%emt 0:30:30] Prevents Bd7.} 42. Be5 {[%emt 0:00:30] Weighted Error Value: White=0.30/Black=0.65} 1-0

[Event "Croatian 1B League 2022"]
[Site "Porec"]
[Date "2022.09.25"]
[Round "2.1"]
[White "Dobrovoljc, Vid"]
[Black "Aczel, Gergely"]
[Result "1/2-1/2"]
[ECO "B90"]
[WhiteElo "2402"]
[BlackElo "2474"]
[Annotator "TA"]
[PlyCount "100"]
[EventDate "2022.09.24"]
[EventType "team-tourn"]
[EventCountry "CRO"]
[SourceTitle "playchess.com"]
[Source "ChessBase"]
[SourceQuality "1"]
[TimeControl "40/5400+30:1800+30"]

1. e4 c5 2. Nf3 d6 3. d4 cxd4 4. Nxd4 Nf6 5. Nc3 a6 6. Rg1 b5 7. a4 {[%emt 0:00:28] B90: Sicilian Najdorf: Unusual White 6th moves, 6 Be3 Ng4 and 6 Be3 e5.} b4 8. Nd5 Bb7 9. Nxf6+ {[%emt 0:06:11] The position is equal.} exf6 {[%emt 0:00:56] [#]} 10. Bd2 $146 ({Predecessor:} 10. Qe2 Qe7 11. Bf4 Qxe4 12. Qxe4+ Bxe4 13. O-O-O g5 14. Re1 d5 15. Bxb8 Bc5 16. Rd1 Rxb8 17. Bxa6 {1-0 (48) Radvanyi,T (2133)-Salanki,E (2309) Hungary 2000}) 10... d5 (10... Nc6 $11 {keeps the balance.} 11. Nxc6 Bxc6) 11. exd5 $16 {[%emt 0:00:41] White is more active.} Qxd5 12. Qe2+ Qe5 13. O-O-O {[%emt 0:12:34] [#] And now Qc4 would win.} Nd7 14. Be3 g6 15. f4 $36 {[%emt 0:09:00][%mdl 2048] Black is under strong pressure.} Qe7 {[%emt 0:00:11] [#]} 16. g3 $1 {[%emt 0:10:15] Strongly threatening Bg2.} Bg7 17. Bd2 Qxe2 18. Bxe2 Bf8 19. Bc4 O-O-O 20. Bxf7 {[%emt 0:03:52] Ne6 is the strong threat.} Bc5 21. Ne6 Bxg1 22. Nxd8 Rxd8 23. Rxg1 a5 24. Be3 {[%emt 0:02:55] Against Nc5} Rf8 25. Bc4 Re8 26. Bf2 Kc7 27. Re1 Rxe1+ 28. Bxe1 $18 {[%emt 0:00:04][%mdl 4096] Endgame KBB-KBN} Nc5 29. b3 Ne4 30. Bg8 h6 31. Bh7 g5 32. h4 (32. Kd1 $18) 32... Kd6 33. hxg5 (33. fxg5 $142 fxg5 34. c4) 33... hxg5 34. Bxe4 ({White should try} 34. Bf5 $16) 34... Bxe4 $16 {[%emt 0:00:01] KB-KB} 35. c3 Kc5 36. Bf2+ Kc6 $1 37. Bd4 bxc3 (37... gxf4 $14 38. gxf4 f5) 38. Bxc3 {[%emt 0:00:25] White is better.} Kb6 39. Bxf6 gxf4 40. gxf4 Bf5 41. Bd8+ Ka6 42. Kb2 Bh3 43. Kc3 Be6 44. b4 axb4+ 45. Kxb4 Kb7 46. Kc5 Bf5 47. Kd6 Bh3 48. a5 Bg4 49. Bb6 Bh3 50. Ke5 Bg4 {[%emt 0:00:07] Black defended with fortune.  Weighted Error Value: White=0.05 (flawless) /Black=0.10 (very precise)} 1/2-1/2